 Dungeon Crawl Stone Soup version 0.21-a0-349-g0c35859 (webtiles) character file.

8066 Monsterracer the Severer (level 11, -7/101 HPs)
             Began as a Hill Orc Berserker on Oct 7, 2017.
             Was an Elder of Trog.
             Mangled by a seven-headed hydra (10 damage)
             ... on level 1 of the Lair of Beasts.
             The game lasted 00:11:00 (11204 turns).

Monsterracer the Severer (Hill Orc Berserker)      Turns: 11204, Time: 00:11:01

Health: -7/101     AC: 15    Str: 24    XL:     11   Next: 25%
Magic:  20/20      EV:  9    Int:  7    God:    Trog [****..]
Gold:   513        SH:  0    Dex: 10    Spells: 10/10 levels left

rFire    . . .     SeeInvis .   b - +0 morningstar
rCold    . . .     Gourm    .   (no shield)
rNeg     + . .     Faith    .   t - +1 chain mail
rPois    .         Spirit   .   x - +2 helmet
rElec    .         Reflect  .   (no cloak)
rCorr    +         Harm     .   (no gloves)
MR       .....                  (no boots)
Stlth    ..........             (no amulet)
HPRegen  0.26/turn              B - ring of resist corrosion
MPRegen  0.17/turn              j - ring of Starshine {rN+ MP+9}

@: berserk cooldown, starving, slowed, very slow
A: no striking features
a: Berserk, Trog's Hand, Brothers in Arms, Burn Spellbooks, Renounce Religion


You were on level 1 of the Lair of Beasts.
You worshipped Trog.
Trog was greatly pleased with you.
You were starving.

You visited 2 branches of the dungeon, and saw 11 of its levels.

You collected 573 gold pieces.
You spent 60 gold pieces at shops.

Inventory:

Hand Weapons
 a - a +0 war axe
 b - a +0 morningstar (weapon)
Missiles
 z - a throwing net (quivered)
Armour
 t - a +1 chain mail (worn)
 x - a +2 helmet (worn)
Jewellery
 j - the ring of Starshine (right hand) {rN+ MP+9}
   (You found it on level 5 of the Dungeon)

   [ring of magical power]

   It protects you from negative energy.
   It affects your magic capacity (+9).
 B - a ring of resist corrosion (left hand)
Wands
 r - a wand of flame (48/48)
Scrolls
 l - a scroll of recharging
 m - 3 scrolls of enchant weapon
 o - 3 scrolls of teleportation
 v - 4 scrolls of magic mapping
 y - a scroll of enchant armour
Potions
 d - a potion of might
 e - a potion of invisibility
 g - 2 potions of mutation
 h - a potion of berserk rage
 i - 3 potions of flight
 k - a potion of resistance
 n - 3 potions of curing
 p - 2 potions of magic
 w - 2 potions of heal wounds
 A - 2 potions of lignification
 C - 3 potions of brilliance
 D - a potion of degeneration
Comestibles
 c - 9 bread rations
 f - 10 fruits
 q - 6 meat rations
 u - a royal jelly


   Skills:
 + Level 10.7 Fighting
 * Level 15.2 Axes
 + Level 9.5 Armour
 + Level 2.1 Dodging


You had 10 spell levels left.
You didn't know any spells.

Dungeon Overview and Level Annotations

Branches:
Dungeon (10/15)            Temple (0/1) D:7            Lair (1/6) D:9
    Orc: D:9-12

Altars:
Dithmenos
Elyvilon
Fedhas
Gozag
Okawaru
Ru
Vehumet
Xom

Shops:
D:4 (   D:5 *   D:7 ?


Message History

As you read the scroll of fear, it crumbles to dust.
You assume a fearsome visage.
The seven-headed hydra looks frightened!
* * * LOW HITPOINT WARNING * * *
You feel sick.
Your ogre barely misses the seven-headed hydra.
Huge Dmg: -2%(-2hp) hp: 5%(5hp)
You feel better.
Your ogre hits the seven-headed hydra with a giant spiked club!!
Your ogre's attack snaps the seven-headed hydra out of its fear.
The seven-headed hydra bites your ogre!
The seven-headed hydra bites your ogre. x3
The seven-headed hydra bites your ogre! The seven-headed hydra bites your ogre.
The seven-headed hydra bites your ogre!
Your ogre dies!
Your ogre's corpse disappears in a puff of smoke!
The seven-headed hydra roars!
Your two-headed ogre goes berserk!
You are starving!
Trog will no longer gift you weapons.
Your two-headed ogre hits the seven-headed hydra with a dire flail!!!
Your two-headed ogre completely misses the seven-headed hydra.
The seven-headed hydra closely misses you.
The seven-headed hydra bites you.
* * * LOW HITPOINT WARNING * * *
The seven-headed hydra bites you!
* * * LOW HITPOINT WARNING * * *
The seven-headed hydra bites you.
* * * LOW HITPOINT WARNING * * *
The seven-headed hydra bites you!
You die...

.. ##P# ..#.. # ... ..
..#.... ... ..#.#
.#......###.. ...###
.......#.#..###..#.## #
...#...#.#..........#.##
.... +...8...+...8..........
...
..#.....D@##.............
...
.#...#.....#.#...###........
..#.....#.#....O#........###
..##.#.##.#.#+.###.#......P#
..........##...########...##
................# #...#
<..........8.>.8## #...#
.................# #...#
...........#.8.########...##


You could see a seven-headed hydra and a friendly two-headed ogre (berserk).

Vanquished Creatures
  Gastronok (D:8)
  A two-headed ogre (D:9)
  Maurice (D:8)
  A centaur zombie (D:8)
  The ghost of Leszczynek the Grappler, a novice TrSk of Kikubaaqudgha (D:4)
  Psyche (D:9)
  A spiny frog (Lair:1)
  A hippogriff (D:8)
  4 yaks (Lair:1)
  The ghost of vishdafish the Skirmisher, an amateur DsFi (D:3)
  A porcupine (Lair:1)
  2 orc warriors
  A black bear (D:9)
  An ice beast (D:8)
  6 ogres
  2 centaurs
  A bullfrog (D:8)
  A wyvern zombie (D:7)
  6 scorpions
  2 howler monkeys
  4 wights (D:8)
  2 crimson imps (D:5)
  4 jellies
  5 orc priests
  4 hounds
  14 orc wizards
  Ijyb (D:3)
  Terence (D:3)
  10 worker ants
  A killer bee zombie (D:6)
  A hound zombie (D:7)
  A hound skeleton (D:7)
  A worker ant zombie (D:5)
  10 adders
  3 shadow imps
  An adder zombie (D:5)
  An adder skeleton (D:6)
  A worm (D:5)
  2 dart slugs
  5 leopard geckos
  45 orcs
  2 ball pythons
  A giant cockroach (D:5)
  4 goblins
  10 hobgoblins
  14 jackals
  2 quokkas (D:4)
  A ball python zombie (D:6)
  7 bats
  8 frilled lizards
  5 kobolds
  A quokka skeleton (D:4)
  12 rats
220 creatures vanquished.

Vanquished Creatures (others)
  2 fungi (Lair:1)
2 creatures vanquished.

Grand Total: 222 creatures vanquished

Notes
Turn   | Place    | Note
-------+----------+-------------------------------------------
     0 | D:1      | Monsterracer the Hill Orc Berserker began the quest for the Orb.
     0 | D:1      | Reached XP level 1. HP: 19/19 MP: 1/1
   165 | D:1      | Reached XP level 2. HP: 26/27 MP: 2/2
   770 | D:1      | Reached XP level 3. HP: 21/33 MP: 3/3
  1023 | D:1      | Reached skill level 5 in Axes
  1324 | D:2      | Found a radiant altar of Vehumet.
  1360 | D:2      | Reached ** piety under Trog
  1776 | D:2      | Reached XP level 4. HP: 40/40 MP: 4/4
  2775 | D:3      | Reached XP level 5. HP: 47/47 MP: 5/5
  2937 | D:3      | Noticed vishdafish's ghost (amateur DsFi)
  2952 | D:3      | Killed vishdafish's ghost
  2952 | D:3      | Reached skill level 5 in Fighting
  2952 | D:3      | Reached skill level 6 in Axes
  2952 | D:3      | Reached XP level 6. HP: 19/56 MP: 6/6
  2960 | D:3      | Noticed Ijyb
  3222 | D:3      | Killed Ijyb
  3222 | D:3      | Reached skill level 7 in Axes
  3335 | D:3      | Noticed Terence
  3343 | D:3      | Killed Terence
  3780 | D:5      | Entered Level 5 of the Dungeon
  4121 | D:4      | Noticed Leszczynek's ghost (novice TrSk)
  4143 | D:4      | Killed Leszczynek's ghost
  4143 | D:4      | Reached skill level 8 in Axes
  4143 | D:4      | Reached XP level 7. HP: 11/63 MP: 7/7
  4449 | D:4      | Found an iron altar of Okawaru.
  4462 | D:4      | Reached skill level 5 in Armour
  4462 | D:4      | Reached skill level 9 in Axes
  4469 | D:4      | Reached XP level 8. HP: 71/71 MP: 8/8
  4836 | D:4      | Found Fodghy's Antique Weapon Boutique.
  5154 | D:4      | Found a faded altar of an unknown god.
  5154 | D:4      | Found a sacrificial altar of Ru.
  5159 | D:4      | Found a shimmering altar of Xom.
  5161 | D:4      | Found a white marble altar of Elyvilon.
  5165 | D:4      | Found an opulent altar of Gozag.
  5224 | D:5      | Reached *** piety under Trog
  5355 | D:5      | Got a faintly glowing golden ring
  5650 | D:5      | Reached skill level 10 in Axes
  5761 | D:5      | Found Ucykan's General Store.
  5805 | D:5      | Bought a potion of heal wounds for 60 gold pieces
  6326 | D:6      | Received a gift from Trog
  6610 | D:6      | Reached XP level 9. HP: 76/79 MP: 9/9
  6619 | D:6      | Reached skill level 11 in Axes
  6820 | D:6      | Identified the ring of Starshine {rN+ MP+9} (You found it on level 5 of the Dungeon)
  7646 | D:7      | Found a staircase to the Ecumenical Temple.
  7657 | D:7      | Reached **** piety under Trog
  8339 | D:7      | Found a blossoming altar of Fedhas.
  8370 | D:7      | Found Jisak's Magic Scroll Shoppe.
  8899 | D:8      | Reached skill level 12 in Axes
  9080 | D:8      | Noticed Gastronok
  9109 | D:8      | Killed Gastronok
  9109 | D:8      | Reached skill level 13 in Axes
  9109 | D:8      | Reached XP level 10. HP: 92/92 MP: 10/10
  9268 | D:8      | Reached skill level 14 in Axes
  9410 | D:8      | Reached ***** piety under Trog
  9430 | D:8      | Reached skill level 10 in Fighting
  9634 | D:8      | Noticed Maurice
  9651 | D:8      | Killed Maurice
 10003 | D:9      | Noticed Psyche
 10013 | D:9      | Killed Psyche
 10131 | D:9      | Found a staircase to the Lair.
 10180 | D:9      | Noticed a two-headed ogre
 10190 | D:9      | Killed a two-headed ogre
 10190 | D:9      | Reached skill level 15 in Axes
 10190 | D:9      | Reached XP level 11. HP: 101/101 MP: 11/11
 10801 | D:9      | Found a shadowy altar of Dithmenos.
 10823 | D:10     | Entered Level 10 of the Dungeon
 10963 | Lair:1   | Entered Level 1 of the Lair of Beasts
 11187 | Lair:1   | Noticed a seven-headed hydra
 11199 | Lair:1   | HP: 5/101 [poisoned by a spiny frog]
 11204 | Lair:1   | HP: 3/101 [seven-headed hydra (4)]
 11204 | Lair:1   | Mangled by a seven-headed hydra

Vault maps used:
D:1:      wheals_arrival_linesprint, minmay_lizard_pond
D:2:      overflow_temple_1_default
D:3:      first_bread, uniq_terence, uniq_ijyb
D:4:      chequers_temple_overflow_minitemple, serial_shops, shop, bh_chokoban,
          okawaru_ov_weapons_minmay
D:5:      serial_shops, shop, serial_bayou, serial_bayou_pond_a,
          serial_bayou_ford_a, serial_bayou_shore_a, serial_bayou_shore_b,
          serial_bayou_pond_b
D:7:      fedhas_altar_2, minmay_temple_entry_butterflies, serial_shops,
          nicolae_shop_trees
D:8:      special_room, grunt_ogre_cave, uniq_gastronok, uniq_maurice
D:9:      grunt_dithmenos_shadows, lair_entry_dummy, uniq_psyche
D:10:     nzn_motion_control, lightli_elemental_guards
Lair:1:   grunt_megastairs_1

Skill      XL: |  1  2  3  4  5  6  7  8  9 10 11 |
---------------+----------------------------------+-----
Fighting       | 4 5 6 7 9 10 | 10.7
Axes           | 5 6 8 9 10 13 15 | 15.2
Armour         | 3 4 5 6 8 9 |  9.5
Dodging        | 2 |  2.1

Action                   |  1- 3 |  4- 6 |  7- 9 | 10-12 || total
-------------------------+-------+-------+-------+-------++-------
Melee: Hand axe          |   103 |   133 |   243 |     6 ||   485
       War axe           |       |       |   163 |   167 ||   330
       Morningstar       |       |       |       |     3 ||     3
Invok: Berserk           |     5 |     4 |    12 |     7 ||    28
       Burn Spellbooks   |       |       |     1 |     1 ||     2
       Brothers in Arms  |       |       |       |     2 ||     2
  Use: Scroll            |       |    10 |    11 |     3 ||    24
       Potion            |       |       |       |     1 ||     1
 Stab: Sleeping          |       |     1 |       |       ||     1
  Eat: Chunk             |     6 |    10 |    24 |    13 ||    53
       Fruit             |       |       |     2 |     1 ||     3
       Royal jelly       |       |       |     1 |       ||     1
Armor: Animal skin       |    25 |     3 |       |       ||    28
       Chain mail        |       |    27 |   182 |    89 ||   298
Dodge: Dodged            |    88 |    42 |   121 |    65 ||   316

Table legend:
 A = Spawn XP
 B = Non-spawn XP
 C = Spawn XP percentage of total XP
 D = Spawn monster count
 E = Non-spawn monster count
 F = Spawn count percentage of total count
 G = Total turns spent on level
                    A         B        C        D         E        F      G
               +---------+---------+-------+---------+---------+-------+---------
         Total |       0 |   11523 |   0.0 |       0 |     220 |   0.0 | 11204
               +---------+---------+-------+---------+---------+-------+---------
           D:1 |       0 |      49 |   0.0 |       0 |      32 |   0.0 |  1324
           D:2 |       0 |      95 |   0.0 |       0 |      18 |   0.0 |  1564
           D:3 |       0 |     305 |   0.0 |       0 |      12 |   0.0 |   798
           D:4 |       0 |     984 |   0.0 |       0 |      23 |   0.0 |  1228
           D:5 |       0 |     659 |   0.0 |       0 |      27 |   0.0 |  1396
           D:6 |       0 |     439 |   0.0 |       0 |      23 |   0.0 |  1336
           D:7 |       0 |     747 |   0.0 |       0 |      15 |   0.0 |  1168
           D:8 |       0 |    4991 |   0.0 |       0 |      48 |   0.0 |  1147
           D:9 |       0 |    1706 |   0.0 |       0 |      10 |   0.0 |   895
          D:10 |       0 |     149 |   0.0 |       0 |       6 |   0.0 |   107
        Lair:1 |       0 |    1399 |   0.0 |       0 |       6 |   0.0 |   241
               +---------+---------+-------+---------+---------+-------+---------

Vault maps used:
D:1:      wheals_arrival_linesprint, minmay_lizard_pond
D:2:      overflow_temple_1_default
D:3:      first_bread, uniq_terence, uniq_ijyb
D:4:      chequers_temple_overflow_minitemple, serial_shops, shop, bh_chokoban,
          okawaru_ov_weapons_minmay
D:5:      serial_shops, shop, serial_bayou, serial_bayou_pond_a,
          serial_bayou_ford_a, serial_bayou_shore_a, serial_bayou_shore_b,
          serial_bayou_pond_b
D:7:      fedhas_altar_2, minmay_temple_entry_butterflies, serial_shops,
          nicolae_shop_trees
D:8:      special_room, grunt_ogre_cave, uniq_gastronok, uniq_maurice
D:9:      grunt_dithmenos_shadows, lair_entry_dummy, uniq_psyche
D:10:     nzn_motion_control, lightli_elemental_guards
Lair:1:   grunt_megastairs_1
